cohdb
Replays
Latest Replays
All Replays
Popular Replays
Top Player Replays
Match Explorer
How It Works
Community
CoH3 Stats
Reddit
Sign in to upload your games and track your stats! →
Sign in with Steam
Match 39512815
Unlisted
Match 39512815
Overview
Messages
Build Orders
End
Construct Infanterie Kompanie
Grenadier Squad
Selects Terror Battlegroup
Selects Machine Gun Camouflage
MG 42 Machine Gun Team
MG 42 Machine Gun Team
GrW 34 Mortar Team
Construct Panzergrenadier Kompanie
Selects Contempt for the Weak
251 Medium Carrier
Forward Retreat Point
Panzergrenadier Squad
Construct Panzer Kompanie
Selects Defend the Fatherland
Defend the Fatherland
Panzer IV Medium Tank
MG 42 Bunker
Side Skirts
Panzergrenadier Officer Quarters
Support Elements
Defend the Fatherland
Nebelwerfer 42 Rocket Launcher Team
Mephswall
Megasalami
ZeZwott
Kanade
Bert1e
猫凪紗
0
0
Comments
sign in to comment!
No comments posted yet!